 Dungeon Crawl Stone Soup version 0.24-b1 (webtiles) character file.

Game seed: 16294342143127998229, levelgen mode: deterministic

15540 MrRokkomies the Carver (level 12, -4/71 HPs)
             Began as a Tengu Skald on Oct 12, 2019.
             Was a High Priest of Nemelex Xobeh.
             Slain by a blink frog (17 damage)
             ... on level 2 of the Lair of Beasts.
             The game lasted 00:56:18 (13910 turns).

MrRokkomies the Carver (Tengu Skald)               Turns: 13910, Time: 00:56:19

Health: -4/71      AC:  7    Str: 19    XL:     12   Next: 28%
Magic:  16/19      EV: 14    Int: 16    God:    Nemelex Xobeh [*****.]
Gold:   277        SH:  0    Dex: 14    Spells: 2/15 levels left

rFire    . . .     SeeInvis .   a - +0 scimitar (flame)
rCold    + + .     Gourm    .   (no shield)
rNeg     + . .     Faith    .   Q - +0 ring mail of the Game of Life {Slay+3} (curse)
rPois    .         Spirit   .   (helmet restricted)
rElec    .         Reflect  .   w - +0 cloak
rCorr    +         Harm     .   H - +0 pair of gloves of Moral Flaws {Int+4} (curse)
MR       +....                  (boots unavailable)
Stlth    +.........             (no amulet)
HPRegen  0.21/turn              f - ring of resist corrosion
MPRegen  0.16/turn              x - ring "Wilalo" {rC++ rN+ MR+ Str+5 Int-4}

@: lethally poisoned (-4 -> -22), flying quickly and evasively, quick
A: beak, talons 3, able to fly
a: Stop Flying, Draw Escape, Draw Destruction, Draw Summoning, Triple Draw, Deal
Four, Stack Five, Renounce Religion


You were on level 2 of the Lair of Beasts.
You worshipped Nemelex Xobeh.
Nemelex Xobeh was extremely pleased with you.
You were not hungry.

You visited 2 branches of the dungeon, and saw 13 of its levels.

You collected 770 gold pieces.
You spent 493 gold pieces at shops.

Inventory:

Hand Weapons
 a - a +0 scimitar of flaming (weapon)
 b - a +0 hunting sling
 e - a +0 whip of venom
 M - a +1 falchion of holy wrath
Missiles
 p - 54 poisoned darts (quivered)
 r - 255 stones
 u - 20 sling bullets
 R - a throwing net
Armour
 h - a +2 leather armour of fire resistance
 w - a +0 cloak (worn)
 H - the cursed +0 pair of gloves of Moral Flaws (worn) {Int+4}
   (You bought it in a shop on level 7 of the Dungeon)

   It affects your intelligence (+4).
   It has a curse placed upon it.
 Q - the cursed +0 ring mail of the Game of Life (worn) {Slay+3}
   (You found it on level 10 of the Dungeon)

   It affects your accuracy and damage with ranged weapons and melee attacks
   (+3).
   It has a curse placed upon it.
Jewellery
 f - a ring of resist corrosion (left hand)
 k - a +2 ring of intelligence
 o - an uncursed ring of fire
 x - the ring "Wilalo" (right hand) {rC++ rN+ MR+ Str+5 Int-4}
   (You found it on level 5 of the Dungeon)

   [ring of strength]

   It affects your strength (+5).
   It affects your intelligence (-4).
   It greatly protects you from cold.
   It protects you from negative energy.
   It affects your resistance to hostile enchantments.
 E - an uncursed ring of ice
 I - a +4 ring of protection
 K - an uncursed ring of magical power
Wands
 m - a wand of enslavement (9)
 n - a wand of digging (3)
 G - a wand of random effects (11)
 N - a wand of polymorph (8)
 T - a wand of acid (6)
Scrolls
 c - 9 scrolls of teleportation
 g - 3 scrolls of enchant weapon
 t - a scroll of enchant armour
 y - 2 scrolls of magic mapping
 z - a scroll of immolation
 B - 2 scrolls of fear
 D - a scroll of blinking
 O - a scroll of remove curse
 P - a scroll of fog
 S - 2 scrolls of identify
Potions
 i - 7 potions of haste
 j - 2 potions of resistance
 l - 3 potions of ambrosia
 q - 3 potions of cancellation
 s - 4 potions of agility
 v - a potion of lignification
 A - 2 potions of mutation
 C - a potion of brilliance
 F - 2 potions of might
 L - a potion of invisibility
Miscellaneous
 U - a fan of gales
Comestibles
 d - 23 rations
 V - 6 chunks of flesh


   Skills:
 * Level 6.9 Fighting
 - Level 14.0 Long Blades
 - Level 1.1 Armour
 - Level 2.1 Dodging
 - Level 2.0 Spellcasting
 - Level 3.2 Hexes
 - Level 6.0 Charms
 - Level 2.1 Translocations
 * Level 9.2 Invocations


You had 2 spell levels left.
You knew the following spells:

 Your Spells              Type           Power        Failure   Level  Hunger
a - Infusion              Chrm           ###.         3%          1    #......
b - Song of Slaying       Chrm           ###.....     4%          2    ###....
c - Shroud of Golubria    Chrm/Tloc      ##....       10%         2    ###....
d - Spectral Weapon       Hex/Chrm       ###.....     16%         3    ###....
e - Poisonous Vapours     Pois/Air       #.....       47%         2    ###....
f - Regeneration          Chrm/Necr      ##........   30%         3    ###....

Your spell library contained the following spells:

 Spells                   Type           Power        Failure   Level  Hunger
 Freeze                   Ice            #...         34%         1    #......
 Magic Dart               Conj           #...         34%         1    #......
 Searing Ray              Conj           #.....       47%         2    ###....
 Throw Frost              Conj/Ice       #.....       47%         2    ###....
 Ozocubu's Armour         Chrm/Ice       ##......     30%         3    ###....
 Dazzling Spray           Conj/Hex       #.....       50%         3    ###....
 Conjure Flame            Conj/Fire      #.......     71%         3    ###....
 Mephitic Cloud           Conj/Pois/Air  #.......     71%         3    ###....
 Fulminant Prism          Conj/Hex       #.........   88%         4    #####..
 Force Lance              Conj/Tloc      #.......     92%         4    #####..
 Iskenderun's Mystic Bla  Conj           #.......     98%         4    #####..
 Summon Ice Beast         Ice/Summ       #.......     98%         4    #####..
 Throw Icicle             Conj/Ice       #.......     98%         4    #####..
 Freezing Cloud           Conj/Ice/Air   #.........   100%        6    #######
 Ring of Flames           Chrm/Fire      ##........   100%        7    #######


Dungeon Overview and Level Annotations

Branches:
Dungeon (10/15)            Temple (0/1) D:7            Lair (3/6) D:10
  Swamp: Lair:2-4    Shoals: Lair:2-4     Snake: Lair:2-4    Spider: Lair:2-4
    Orc: D:9-12

Altars:
Ashenzari
Cheibriados
Elyvilon
Fedhas
Gozag
Kikubaaqudgha
Nemelex Xobeh
Qazlal
Sif Muna
Trog
Wu Jian

Shops:
D:5 %   D:6 (   D:7 ![*!*

Annotations:
Lair:1 exclusion: oklob plant


Innate Abilities, Weirdness & Mutations

You have a beak for a mouth.
You have claws for feet.
You can fly continuously.


Message History

The blink frog misses you. The spiny frog stings you!
* * * LOW HITPOINT WARNING * * *
You are poisoned.
The spiny frog poisons you!
You barely miss the spiny frog.
You claw the spiny frog, but do no damage.
The spiny frog is almost dead.
You feel sick.
Your spectral weapon hits the spiny frog but does no damage.
The blink frog hits you but does no damage.
The spiny frog stings you!
* * * LOW HITPOINT WARNING * * *
You are more poisoned.
The spiny frog poisons you!
You feel much better.
You feel sick. The blink frog barely misses you. The spiny frog stings you!!
* * * LOW HITPOINT WARNING * * *
The blink frog hits you!
You die...
Your body glows with a rainbow of weird colours and disappears.

##.....#...#.........#..P####
##.....#...#.###...##.....#..
#..#.......#.................
#P.########..................
#............................
##..............)............
#.......#......[............
##.......#..F............... ###
##........@(............... ###.#
#.........F............#..
.#.#####...................<.###.
....#P#......................####
.............................P#
P...P.#..................#....#
#...###P......................#
.....###..............##########
.....###..............########.##


You could see a spiny frog, a blink frog and a friendly spectral +0 scimitar of
flaming.

Vanquished Creatures
  Snorg (D:10)
  2 two-headed ogres
  Erica (D:10)
  A death yak (Lair:2)
  An unseen horror (D:10)
  An oklob plant (Lair:2)
  An elephant (Lair:2)
  A torpor snail (Lair:2)
  2 komodo dragons (Lair:2)
  8 blink frogs (Lair:2)
  3 hippogriffs
  Sigmund (D:3)
  10 yaks
  Grum (D:10)
  A warg (D:10)
  4 water moccasins
  2 porcupines (Lair:2)
  2 orc warriors
  6 sky beasts
  2 ice beasts
  A phantom (D:8)
  A necrophage (D:10)
  2 ogres
  8 wolves
  5 centaurs
  2 crocodiles (Lair:2)
  3 big kobolds
  A gnoll sergeant (D:9)
  7 bullfrogs
  A wyvern skeleton (D:7)
  5 scorpions
  14 killer bees
  4 wights (D:6)
  A howler monkey (D:8)
  A centaur zombie (D:8)
  5 jellies
  2 orc priests (D:7)
  6 hounds
  A bullfrog skeleton (D:7)
  An iron imp (D:6)
  11 worker ants
  3 iguanas
  6 orc wizards
  A hound skeleton (D:8)
  2 worker ant zombies
  Robin (D:2)
  8 gnolls
  7 adders
  3 shadow imps
  An ooze (D:1)
  An adder skeleton (D:8)
  5 worms
  5 dart slugs
  6 leopard geckos
  38 orcs
  4 giant cockroaches
  16 goblins
  12 hobgoblins
  18 jackals
  21 kobolds
  3 quokkas
  12 bats
  6 frilled lizards
  A leopard gecko skeleton (D:4)
  7 rats
  A plant (Lair:2)
321 creatures vanquished.

Vanquished Creatures (collateral kills)
  A hornet (D:10)
  Grinder (D:3)
  2 wargs (D:10)
  An ice beast (D:10)
  An orc wizard (D:10)
  An orc priest (D:10)
  2 orcs (D:10)
  A goblin (D:3)
10 creatures vanquished.

Vanquished Creatures (others)
  A fungus (Lair:2)
1 creature vanquished.

Grand Total: 332 creatures vanquished

Notes
Turn   | Place    | Note
-------+----------+-------------------------------------------
     0 | D:1      | MrRokkomies the Tengu Skald began the quest for the Orb.
     0 | D:1      | Reached XP level 1. HP: 12/12 MP: 4/4
    63 | D:1      | Reached XP level 2. HP: 18/18 MP: 6/6
   171 | D:1      | Reached skill level 3 in Long Blades
   388 | D:1      | Reached XP level 3. HP: 22/22 MP: 7/7
   825 | D:2      | Reached XP level 4. HP: 12/28 MP: 4/8
  1020 | D:2      | Noticed Robin
  1041 | D:2      | Killed Robin
  1041 | D:2      | Reached skill level 4 in Long Blades
  1097 | D:2      | Learned a level 2 spell: Song of Slaying
  1100 | D:2      | Learned a level 2 spell: Shroud of Golubria
  1220 | D:2      | Gained mutation: You can fly continuously. [Tengu growth]
  1220 | D:2      | Reached XP level 5. HP: 33/33 MP: 9/9
  1800 | D:2      | Noticed a moth of wrath
  1803 | D:2      | Found a bloodstained altar of Trog.
  2039 | D:3      | Noticed Sigmund
  2046 | D:2      | Learned a level 3 spell: Spectral Weapon
  2110 | D:3      | Killed Sigmund
  2110 | D:3      | Reached skill level 5 in Long Blades
  2110 | D:3      | Reached skill level 1 in Translocations
  2110 | D:3      | Reached XP level 6. HP: 29/39 MP: 10/10
  2130 | D:3      | Found a sparkling altar of Nemelex Xobeh.
  2131 | D:3      | Found an ornate altar of the Wu Jian Council.
  2135 | D:3      | Found a shimmering blue altar of Sif Muna.
  2172 | D:3      | Became a worshipper of Nemelex Xobeh the Trickster
  2206 | D:3      | Received a gift from Nemelex Xobeh
  2524 | D:3      | Noticed Grinder
  2620 | D:3      | Noticed an orange demon
  2651 | D:3      | Killed Grinder
  2651 | D:3      | Reached skill level 5 in Fighting
  2819 | D:3      | Reached XP level 7. HP: 44/44 MP: 11/11
  3525 | D:4      | Reached skill level 6 in Long Blades
  3572 | D:4      | Reached * piety under Nemelex Xobeh
  3787 | D:4      | Found a stormy altar of Qazlal.
  3790 | D:4      | Noticed a fire elemental
  3791 | D:4      | Noticed a water elemental
  3791 | D:4      | Noticed an air elemental
  3911 | D:5      | Entered Level 5 of the Dungeon
  3960 | D:5      | Received a gift from Nemelex Xobeh
  3968 | D:5      | Got a flickering amber ring
  3969 | D:5      | Identified the ring "Wilalo" {rC++ rN+ MR+ Str+5 Int-4}
                  | (You found it on level 5 of the Dungeon)
  4152 | D:5      | Found Buddyick's Food Shoppe.
  4403 | D:6      | Reached XP level 8. HP: 47/49 MP: 12/12
  4426 | D:6      | Reached skill level 7 in Long Blades
  4611 | D:6      | Reached ** piety under Nemelex Xobeh
  4792 | D:6      | Found Iruqo's Weapon Shop.
  4854 | D:6      | Reached skill level 8 in Long Blades
  5112 | D:6      | Reached skill level 5 in Charms
  5253 | D:6      | Found a snail-covered altar of Cheibriados.
  5296 | D:6      | Received a gift from Nemelex Xobeh
  5388 | D:7      | Reached XP level 9. HP: 50/54 MP: 13/13
  5411 | D:7      | Reached skill level 9 in Long Blades
  5466 | D:7      | You are sucked into a shaft and drop 1 floor!
  6075 | D:8      | Reached skill level 1 in Hexes
  6311 | D:8      | Found a blossoming altar of Fedhas.
  6313 | D:8      | Found an ancient bone altar of Kikubaaqudgha.
  6435 | D:8      | Noticed a two-headed ogre
  6493 | D:8      | Killed a two-headed ogre
  6493 | D:8      | Reached skill level 10 in Long Blades
  6641 | D:8      | Reached skill level 1 in Invocations
  6641 | D:8      | Reached XP level 10. HP: 32/59 MP: 14/14
  7085 | D:7      | Found Derauv Womp's General Store.
  7177 | D:7      | Reached skill level 11 in Long Blades
  7181 | D:7      | Found a staircase to the Ecumenical Temple.
  7459 | D:7      | Found Yhoaf's Distillery.
  7474 | D:7      | Bought a potion of heal wounds for 60 gold pieces
  7474 | D:7      | Bought a potion of heal wounds for 60 gold pieces
  7474 | D:7      | Bought a potion of might for 48 gold pieces
  7500 | D:7      | Reached *** piety under Nemelex Xobeh
  7502 | D:7      | Found Jauna's Antique Armour Boutique.
  7932 | D:7      | Found Pefitz's Assorted Antiques.
  7935 | D:7      | Bought a scroll labeled KAUNOA YSIQ for 20 gold pieces
  7935 | D:7      | Bought a scroll labeled RUOC POLOLUTE for 20 gold pieces
  8079 | D:7      | Found Coofenlu's Distillery.
  8311 | D:7      | Found a white marble altar of Elyvilon.
  8399 | D:9      | Found a shattered altar of Ashenzari.
  8483 | D:7      | Bought a pair of transparent gloves for 285 gold pieces
  8493 | D:7      | Identified the cursed +0 pair of gloves of Moral Flaws
                  | {Int+4} (You bought it in a shop on level 7 of the Dungeon)
  9139 | D:9      | Received a gift from Nemelex Xobeh
  9142 | D:9      | Found an opulent altar of Gozag.
  9472 | D:9      | Learned a level 2 spell: Poisonous Vapours
  9484 | D:10     | Entered Level 10 of the Dungeon
  9484 | D:10     | Noticed Snorg
  9493 | D:10     | Killed Snorg
  9493 | D:10     | Reached skill level 12 in Long Blades
  9493 | D:10     | Reached skill level 5 in Invocations
  9500 | D:10     | Noticed Erica
  9510 | D:10     | Killed Erica
  9510 | D:10     | Reached XP level 11. HP: 14/63 MP: 14/16
  9928 | D:10     | Received a gift from Nemelex Xobeh
 10252 | D:10     | Found a staircase to the Lair.
 10320 | D:10     | Got a transparent ring mail
 10331 | D:10     | Identified the cursed +0 ring mail of the Game of Life
                  | {Slay+3} (You found it on level 10 of the Dungeon)
 10359 | D:10     | Killed an unseen horror
 10653 | D:10     | Noticed Grum
 10656 | D:10     | Reached skill level 13 in Long Blades
 10665 | D:10     | Killed Grum
 10894 | D:10     | Noticed a two-headed ogre
 10900 | D:10     | Killed a two-headed ogre
 11087 | Lair:1   | Entered Level 1 of the Lair of Beasts
 11153 | Lair:1   | Received a gift from Nemelex Xobeh
 11174 | Lair:1   | Reached **** piety under Nemelex Xobeh
 11195 | Lair:1   | Noticed an oklob plant
 12033 | Lair:2   | Learned a level 3 spell: Regeneration
 12759 | Lair:2   | Reached XP level 12. HP: 40/69 MP: 15/19
 12766 | Lair:2   | Reached skill level 14 in Long Blades
 13196 | Lair:2   | Noticed a death yak
 13208 | Lair:2   | Killed a death yak
 13656 | Lair:2   | Reached ***** piety under Nemelex Xobeh
 13909 | Lair:2   | HP: 3/71 [spiny frog (9)]
 13910 | Lair:2   | Slain by a blink frog

Skill      XL: |  1  2  3  4  5  6  7  8  9 10 11 12 |
---------------+-------------------------------------+-----
Long Blades    | 3 4 5 6 8 10 12 13 14 | 14.0
Fighting       | 3 4 5 6 |  6.9
Translocations | 1 2 |  2.1
Charms         | 3 5 6 |  6.0
Hexes          | 3 |  3.2
Invocations    | 1 5 8 9 |  9.2
Armour         | |  1.1
Dodging        | |  2.1
Spellcasting   | |  2.0

Action                   |  1- 3 |  4- 6 |  7- 9 | 10-12 || total
-------------------------+-------+-------+-------+-------++-------
Melee: Falchion          |    73 |   131 |   176 |       ||   380
       Kick              |    11 |    35 |    91 |   148 ||   285
       Peck              |    11 |    19 |    55 |    77 ||   162
       Long sword        |       |       |    91 |   158 ||   249
       Scimitar          |       |       |       |   243 ||   243
 Fire: Hunting sling     |       |       |    47 |    40 ||    87
Throw: Dart              |       |       |    19 |    23 ||    42
 Cast: Infusion          |     1 |     1 |     3 |     1 ||     6
       Shroud of Golubri |       |     1 |     5 |    10 ||    16
       Song of Slaying   |       |       |     3 |     4 ||     7
       Spectral Weapon   |       |       |       |     4 ||     4
       Regeneration      |       |       |       |     1 ||     1
 Abil: Fly               |       |     1 |       |       ||     1
       Draw Summoning    |       |     2 |       |     2 ||     4
       Draw Escape       |       |       |     1 |       ||     1
       Draw Destruction  |       |       |       |     6 ||     6
Evoke: Wand              |       |       |     2 |       ||     2
  Use: Scroll            |     4 |     7 |    13 |     6 ||    30
       Potion            |       |     2 |     1 |     6 ||     9
 Stab: Invisible         |       |     3 |       |       ||     3
       Sleeping          |       |       |     1 |     1 ||     2
  Eat: Chunk             |       |     6 |     5 |    18 ||    29
       Ration            |       |       |     3 |     1 ||     4
Armor: Leather armour    |    33 |     3 |    63 |    82 ||   181
       Ring mail         |       |    18 |       |    62 ||    80
Dodge: Dodged            |    69 |    93 |   187 |   289 ||   638
       Rpst.: Falchion   |    30 |    16 |    41 |       ||    87
       Long sword        |       |       |    20 |    51 ||    71
       Scimitar          |       |       |       |    42 ||    42
